 Dungeon Crawl Stone Soup version 0.19-a0-1920-g83281cb (webtiles) character file.

344 poirepourri the Cudgeler (level 6, 0/39 HPs)
             Began as a Gargoyle Fighter on Oct 23, 2016.
             Killed by divine providence
             ... invoked by an orc priest
              (11 damage)
             ... on level 4 of the Dungeon.
             The game lasted 00:04:18 (3726 turns).

poirepourri the Cudgeler (Gargoyle Fighter)         Turns: 3726, Time: 00:04:19

Health: 0/39       AC: 18    Str: 21    XL:     6   Next: 58%
Magic:  6/6        EV:  8    Int:  8    God:
Gold:   139        SH:  9    Dex: 10    Spells: 0 memorised, 5 levels left

rFire  . . .     SeeInvis .     a - +0 flail
rCold  . . .     Gourm    .     b - +1 scale mail
rNeg   + . .     Faith    .     c - +0 shield
rPois  ∞         Spirit   .     g - +0 helmet
rElec  +         Reflect  .     l - +0 cloak
rCorr  .         Harm     .     (no gloves)
MR     .....                    (no boots)
Stlth  ..........               (no amulet)
                                (no ring)
                                m - +4 ring of protection

@: no status effects
A: negative energy resistance 1, electricity resistance, unbreathing,
petrification resistance, rot immunity, AC +4
a: no special abilities


You were on level 4 of the Dungeon.
You were not hungry.

You visited 1 branch of the dungeon, and saw 4 of its levels.

You collected 139 gold pieces.

Inventory:

Hand Weapons
 a - a +0 flail (weapon)
Armour
 b - a +1 scale mail (worn)
 c - a +0 shield (worn)
 g - a +0 helmet (worn)
 l - a +0 cloak (worn)
Jewellery
 m - a +4 ring of protection (left hand)
Wands
 i - a wand of iceblast (7/15)
Scrolls
 h - a scroll of remove curse
 k - 2 scrolls of enchant armour
 o - 2 scrolls of identify
 q - a scroll of amnesia {unknown}
 r - a scroll of teleportation {unknown}
Potions
 d - a potion of might
 e - 2 potions of agility
 n - a potion of curing
 p - a potion of magic {unknown}
 s - a potion of mutation {unknown}
Comestibles
 f - 2 bread rations
 j - a meat ration


   Skills:
 + Level 4.6 Fighting
 + Level 5.6 Maces & Flails
 - Level 3.2 Armour
 + Level 1.4 Dodging
 - Level 3.2 Shields


You had 5 spell levels left.
You didn't know any spells.

Dungeon Overview and Level Annotations

Branches:
Dungeon (4/15)
 Temple: D:4-7

Altars:
Fedhas
Hepliaklqana
Xom

Annotations:
D:3 exclusion: oklob plant


Innate Abilities, Weirdness & Mutations

You are resistant to torment.
Your stone body is resilient. (AC +4)
You are immune to poison.
You resist negative energy. (rN+)
You are resistant to electric shocks. (rElec)
You can survive without breathing.
You are immune to petrification.
You are immune to rotting.


Message History

The orc hits you but does no damage.
You hit the orc priest but do no damage.
The orc priest miscasts a cantrip.
The orc barely misses you.
You closely miss the orc priest.
The orc priest hits you but does no damage.
You block the orc's attack.
You sock the orc priest!
The orc priest is heavily wounded.
The orc priest hits you but does no damage.
You block the orc's attack.
You hit the orc priest.
The orc priest is heavily wounded.
The orc priest mumbles some strange prayers to Beogh against you.
Beogh smites you!
* * * LOW HITPOINT WARNING * * *
You block the orc's attack.
The orc priest invokes the aid of Beogh against you.
Beogh smites you!
You die...

#..# ##.##.####### #..#
#......)..... ########..#
#.###.#.####
..........##.#.##.#.# ###
########(...###...#.####...#
#######.>##(#.............#
#..........#.#.####.####...
#.#####......#.##.....##..#
#..o@###.#.......#..#
#......o....#.......#..#
...........#....._.......
....###.......#.......#..#
###. ........#.......#..# .
##.......##.....##..# .
#....##.####.####..#
#...###............#
..............#


You could see an orc priest and an orc.

Vanquished Creatures
  Crazy Yiuf (D:2)
  A hound (D:4)
  An orc priest (D:4)
  A worker ant (D:4)
  An orc wizard (D:4)
  Robin (D:3)
  4 adders
  2 oozes (D:1)
  6 worms
  2 dart slugs
  A leopard gecko (D:1)
  4 orcs
  8 bats
  3 giant cockroaches
  11 goblins
  11 hobgoblins
  16 jackals
  9 kobolds
  A quokka (D:2)
  2 ball pythons
  2 frilled lizards
  11 rats
99 creatures vanquished.

Vanquished Creatures (others)
  An orc wizard (D:3)
1 creature vanquished.

Grand Total: 100 creatures vanquished

Notes
Turn   | Place    | Note
-------+----------+-------------------------------------------
     0 | D:1      | poirepourri the Gargoyle Fighter began the quest for the Orb.
     0 | D:1      | Reached XP level 1. HP: 14/14 MP: 1/1
   273 | D:1      | Reached XP level 2. HP: 19/19 MP: 2/2
   465 | D:1      | Reached XP level 3. HP: 24/24 MP: 3/3
   581 | D:1      | Reached skill level 3 in Maces & Flails
  1186 | D:2      | Reached XP level 4. HP: 25/29 MP: 4/4
  1379 | D:2      | Found a runed door.
  1987 | D:2      | Reached skill level 1 in Dodging
  2228 | D:2      | Noticed Crazy Yiuf
  2242 | D:2      | Killed Crazy Yiuf
  2242 | D:2      | Reached skill level 4 in Maces & Flails
  2242 | D:2      | Reached XP level 5. HP: 11/33 MP: 5/5
  2398 | D:3      | Found a blossoming altar of Fedhas.
  2700 | D:3      | Noticed Robin
  2726 | D:3      | Killed Robin
  3301 | D:3      | Found a shimmering altar of Xom.
  3381 | D:3      | Noticed an oklob plant
  3479 | D:4      | Reached skill level 5 in Maces & Flails
  3479 | D:4      | Reached XP level 6. HP: 29/39 MP: 6/6
  3635 | D:4      | Found a hazy altar of Hepliaklqana.
  3726 | D:4      | Killed from afar by an orc priest

Vault maps used:
D:1:      kilobyte_arrival_exit_the_forest, kennysheep_decorative_pillar
D:2:      first_bread, uniq_crazy_yiuf_cottage
D:3:      lemuel_coloured_pillars_altar, tgw_fedhas, uniq_robin
D:4:      old_standard_altar, zin_academy, minmay_misc_feat_doors, uniq_pikel

Skill      XL: |  1  2  3  4  5 |
---------------+----------------+-----
Maces & Flails | 3 4 5 |  5.6
Fighting       | 4 |  4.6
Dodging        | 1 |  1.4
Armour         | |  3.2
Shields        | |  3.2

Action                   |  1- 3 |  4- 6 || total
-------------------------+-------+-------++-------
Melee: Flail             |   126 |   272 ||   398
  Use: Scroll            |     3 |     4 ||     7
       Potion            |       |     2 ||     2
  Eat: Bread ration      |     1 |     1 ||     2
       Beef jerky        |       |     1 ||     1
Armor: Scale mail        |   101 |   213 ||   314
Dodge: Dodged            |    43 |   101 ||   144
Block: Shield            |    96 |   157 ||   253
